 Dungeon Crawl Stone Soup version 0.20.0-15-g7f486f2 (webtiles) character file.

114 dvd the Chiller (level 4, -2/30 HPs)
             Began as a Demonspawn Ice Elementalist on June 21, 2017.
             Slain by Crazy Yiuf
             ... wielding a +3 quarterstaff of chaos
              (15 damage)
             ... on level 2 of the Dungeon.
             The game lasted 00:06:01 (2247 turns).

dvd the Chiller (Demonspawn Ice Elementalist)       Turns: 2247, Time: 00:06:01

Health: -2/30      AC:  2    Str:  9    XL:     4   Next: 67%
Magic:  4/8        EV: 17    Int: 17    God:
Gold:   99         SH:  7    Dex: 18    Spells: 3/9 levels left

rFire    . . .     SeeInvis .   a - +0 hand axe
rCold    . . .     Gourm    .   q - +0 buckler
rNeg     . . .     Faith    .   n - +0 robe
rPois    .         Spirit   .   (no helmet)
rElec    .         Reflect  +   (no cloak)
rCorr    .         Harm     .   (no gloves)
MR       .....                  (no boots)
Stlth    +++.......             v - +3 amulet of reflection
Regen    0.1/turn               (no ring)
MPRegen  0.2/turn               (no ring)

@: agile
A: powered by pain 1
a: no special abilities


You were on level 2 of the Dungeon.
You were not hungry.

You visited 1 branch of the dungeon, and saw 2 of its levels.

You collected 99 gold pieces.

Inventory:

Hand Weapons
 a - a +0 hand axe (weapon)
 e - a +0 club
Armour
 n - a +0 robe (worn)
 q - a +0 buckler (worn)
Jewellery
 v - a +3 amulet of reflection (around neck)
Scrolls
 g - 2 scrolls of identify {unknown}
 h - 3 scrolls of remove curse {unknown}
 k - a scroll of amnesia {unknown}
 m - a scroll of teleportation {unknown}
 r - a scroll of immolation {unknown}
 s - a scroll of fear {unknown}
 u - a scroll of blinking {unknown}
Potions
 i - a potion of degeneration {unknown}
 j - a potion of mutation {unknown}
 l - a potion of cancellation {unknown}
 o - 2 potions of curing
 p - a potion of resistance {unknown}
Books
 b - a book of Frost

   Spells                             Type                      Level
   a - Freeze                         Ice                          1
   b - Throw Frost                    Conjuration/Ice              2
   c - Ozocubu's Armour               Charms/Ice                   3
   d - Throw Icicle                   Conjuration/Ice              4
   e - Summon Ice Beast               Ice/Summoning                4
Comestibles
 c - 3 bread rations
 d - 4 chunks of flesh
 f - 2 meat rations
 t - a fruit


   Skills:
 + Level 0.2 Fighting
 + Level 0.1 Axes
 + Level 2.0 Dodging
 + Level 2.1 Stealth
 + Level 3.1 Spellcasting
 + Level 1.1 Conjurations
 + Level 3.9 Ice Magic


You had 3 spell levels left.
You knew the following spells:

 Your Spells              Type           Power        Failure   Level  Hunger
a - Freeze                Ice            ###.         5%          1    None
b - Throw Frost           Conj/Ice       ##....       16%         2    ##.....
c - Ozocubu's Armour      Chrm/Ice       #.......     36%         3    ###....


Dungeon Overview and Level Annotations

Branches:
Dungeon (2/15)

Altars:
Gozag

Annotations:
D:2 Crazy Yiuf


Innate Abilities, Weirdness & Mutations

You sometimes gain a little power by taking damage.


Message History

Crazy Yiuf is heavily wounded.
Crazy Yiuf closely misses you.
Casting: Freeze
Confirm with . or Enter, or press ? or * to list all spells.
Aiming: Freeze
Press: ? - help, Shift-Dir - straight line, f/p - Crazy Yiuf
Aim: Crazy Yiuf, wielding a quarterstaff of chaos and wearing a cloak (heavily wounded)
You freeze Crazy Yiuf.
Crazy Yiuf is heavily wounded.
You block Crazy Yiuf's attack.
Casting: Freeze
Confirm with . or Enter, or press ? or * to list all spells.
Aiming: Freeze
Press: ? - help, Shift-Dir - straight line, f/p - Crazy Yiuf
Aim: Crazy Yiuf, wielding a quarterstaff of chaos and wearing a cloak (heavily wounded)
You freeze Crazy Yiuf.
Crazy Yiuf is severely wounded.
Crazy Yiuf hits you with a quarterstaff of chaos!
Ouch! That really hurt!
You die...

###♣♣♣♣♣ ##.#..♣.♣♣♣#####
##......♣..♣#...#
#......♣♣♣♣.'.@g# #...#.♣♣
♣♣#..)# ##### #..##♣♣ #####
#...## ###### ####.#
#....###..... .....#
#........#### .########
###########........#### .#
###..# #..#....#.......##.....
.# #.##.#
##......##.....#######. .#
#.##.####......#.......#####..


You could see Crazy Yiuf.

Vanquished Creatures
  5 adders (D:2)
  A gnoll (D:1)
  A worm (D:1)
  3 dart slugs
  3 leopard geckos (D:1)
  3 bats (D:1)
  2 giant cockroaches (D:1)
  6 goblins
  7 hobgoblins
  7 kobolds
  2 quokkas (D:2)
  3 frilled lizards
  4 rats
47 creatures vanquished.

Notes
Turn   | Place    | Note
-------+----------+-------------------------------------------
     0 | D:1      | dvd the Demonspawn Ice Elementalist began the quest for the Orb.
     0 | D:1      | Reached XP level 1. HP: 13/13 MP: 3/3
   222 | D:1      | Gained mutation: You sometimes gain a little power by taking damage. [demonic ancestry]
   222 | D:1      | Reached XP level 2. HP: 19/19 MP: 3/5
   228 | D:1      | Learned a level 2 spell: Throw Frost
   750 | D:1      | Reached XP level 3. HP: 19/24 MP: 3/6
   826 | D:1      | Learned a level 3 spell: Ozocubu's Armour
  1414 | D:2      | HP: 1/24 [adder (4)]
  1416 | D:2      | Reached XP level 4. HP: 2/30 MP: 0/8
  1978 | D:2      | Found an opulent altar of Gozag.
  2235 | D:2      | Found a runed door.
  2239 | D:2      | Noticed Crazy Yiuf
  2247 | D:2      | Slain by Crazy Yiuf

Skill      XL: |  1  2  3  4 |
---------------+-------------+-----
Ice Magic      | 3 |  3.9
Stealth        | 2 |  2.1
Dodging        | 2 |  2.0
Spellcasting   | 3 |  3.1
Fighting       | |  0.2
Axes           | |  0.1
Conjurations   | |  1.1

Action                   |  1- 3 |  4- 6 || total
-------------------------+-------+-------++-------
Melee: Club              |     8 |       ||     8
       Hand axe          |    11 |    10 ||    21
 Cast: Freeze            |    50 |    26 ||    76
       Throw Frost       |     4 |     5 ||     9
       Ozocubu's Armour  |     1 |     1 ||     2
  Use: Potion            |     1 |       ||     1
 Stab: Sleeping          |     2 |       ||     2
  Eat: Chunk             |     2 |     3 ||     5
Armor: Robe              |     5 |     2 ||     7
Dodge: Dodged            |    43 |    20 ||    63
Block: Buckler           |       |     4 ||     4
